 Dungeon Crawl Stone Soup version 0.27-a0-1591-gc56fcc985a (webtiles) character file.

Game seed: 3214205636081639978

4918 duskshroud the Grappler (level 10, -3/100 HPs)
             Began as a Troll Monk on July 20, 2021.
             Was a Priest of Qazlal.
             Slain by Grum (5 damage)
             ... on level 8 of the Dungeon.
             The game lasted 00:21:42 (5689 turns).

duskshroud the Grappler (Troll Monk)                Turns: 5689, Time: 00:21:43

Health: -3/100     AC:  8    Str: 21    XL:     10   Next: 27%
Magic:  14/14      EV: 11    Int:  6    God:    Qazlal [***...]
Gold:   289        SH:  4    Dex: 21    Spells: 9/9 levels left

rFire    . . .     SeeInvis .     - Unarmed
rCold    + . .     Faith    .   (no shield)
rNeg     . . .     Spirit   .   g - +0 steam dragon scales
rPois    .         Reflect  .   (helmet restricted)
rElec    .         Harm     .   H - +0 cloak
rCorr    .         Rampage  .   (gloves unavailable)
Will     .....                  (boots unavailable)
Stlth    +.........             s - amulet of regeneration
HPRegen  2.26/turn              t - +6 ring of dexterity
MPRegen  0.14/turn              u - ring of protection from cold

@: studying Maces & Flails
A: large, unfitting armour, claws 3, regeneration 1, shaggy fur 1, tough skin 1
a: Renounce Religion, Upheaval, Elemental Force


You were on level 8 of the Dungeon.
You worshipped Qazlal.
Qazlal was most pleased with you.
You visited 2 branches of the dungeon, and saw 9 of its levels.
You also visited: Ossuary.

You collected 289 gold pieces.

Inventory:

Hand Weapons
 b - a +0 flail
 E - a +2 dire flail of freezing
Missiles
 w - 25 poisoned darts (quivered)
 x - 6 javelins
 D - 4 boomerangs
 F - 4 throwing nets
Armour
 a - a +1 robe
 g - +0 steam dragon scales (worn)
 H - a +0 cloak (worn)
 J - a +0 kite shield
Magical Staves
 j - a staff of poison
Jewellery
 s - an amulet of regeneration (around neck)
 t - a +6 ring of dexterity (left claw)
 u - a ring of protection from cold (right claw)
 G - a ring of poison resistance
Wands
 B - a wand of acid (8)
 C - a wand of paralysis (11)
 I - a wand of flame (7)
Scrolls
 c - 2 scrolls of teleportation {unknown}
 d - 2 scrolls of amnesia {unknown}
 h - 5 scrolls of enchant armour
 k - 2 scrolls of vulnerability {unknown}
 l - 2 scrolls of magic mapping {unknown}
 m - 2 scrolls of enchant weapon {unknown}
 r - 2 scrolls of fog
 v - 2 scrolls of fear {unknown}
 y - 3 scrolls of noise {unknown}
 K - a scroll of blinking {unknown}
 L - a scroll of immolation {unknown}
Potions
 e - a potion of attraction {unknown}
 f - 2 potions of curing {unknown}
 i - 2 potions of flight {unknown}
 n - 2 potions of degeneration {unknown}
 o - a potion of ambrosia {unknown}
 p - a potion of might
 q - 3 potions of haste
 z - 5 potions of heal wounds
 A - 2 potions of cancellation {unknown}


   Skills:
 + Level 6.9 Fighting
 - Level 2.4 Dodging
 - Level 1.0 Stealth
 - Level 11.0 Unarmed Combat
 + Level 6.9 Invocations


You had 9 spell levels left.
You didn't know any spells.
Your spell library contained the following spells:

 Spells                   Type           Power      Damage    Failure   Level
 Sandblast                Erth           0%         2d4       45%         1
 Passwall                 Tmut/Erth      0%         N/A       58%         2
 Inner Flame              Hex/Fire       0%         N/A       83%         3
 Portal Projectile        Hex/Tloc       0%         N/A       83%         3
 Cause Fear               Hex            0%         N/A       99%         4
 Blade Hands              Tmut           0%         N/A       100%        5
 Excruciating Wounds      Necr           0%         N/A       100%        5
 Lee's Rapid Deconstruct  Erth           0%         3d5*      100%        5
 Discord                  Hex            0%         N/A       100%        8


Dungeon Overview and Level Annotations

Branches:
Dungeon (8/15)             Temple (1/1) D:5         Ossuary (visited)
   Lair: D:8-11

Altars:
Ashenzari
Dithmenos
Gozag
Hepliaklqana
Kikubaaqudgha
Makhleb
Nemelex Xobeh
Qazlal
Sif Muna
Trog
Uskayaw
Vehumet
Wu Jian
Xom
Zin
The Shining One

Annotations:
D:8 Grum


Innate Abilities, Weirdness & Mutations

You are too large for most types of armour.
You have claws for hands.
Your natural rate of healing is unusually fast.
You are covered in fur. (AC +1)
You have tough skin. (AC +1)


Message History

You kill the yak!
Qazlal accepts your kill. You block Grum's attack.
The kobold brigand misses you.
You mangle the kobold brigand!! Your claw misses the kobold brigand.
The kobold brigand is severely wounded.
The yak gores you! x3
* * * LOW HITPOINT WARNING * * *
Grum hits you from afar with a -2 spear!
* * * LOW HITPOINT WARNING * * *
The kobold brigand closely misses you.
You are too injured to fight recklessly!
You are too injured to fight recklessly!
You are too injured to fight recklessly!
You are too injured to fight recklessly!
You are too injured to fight recklessly!
You are too injured to fight recklessly!
You are too injured to fight recklessly!
You are too injured to fight recklessly!
You are too injured to fight recklessly!
You are too injured to fight recklessly!
You are too injured to fight recklessly!
You are too injured to fight recklessly!
You are too injured to fight recklessly!
You are too injured to fight recklessly!
You are too injured to fight recklessly!
You are too injured to fight recklessly!
You are too injured to fight recklessly!
You are too injured to fight recklessly!
You are too injured to fight recklessly!
You are too injured to fight recklessly!
Okay, then.
You completely miss the kobold brigand.
The kobold brigand is severely wounded.
The kobold closely misses you. The yak gores you but does no damage.
The yak gores you!
* * * LOW HITPOINT WARNING * * *
The yak gores you.
* * * LOW HITPOINT WARNING * * *
Grum hits you from afar with a -2 spear.
You die...

.......###..≈≈≈≈......≈≈≈≈≈≈≈.
........#......#........≈≈≈...
..##.##...###...##..##.....###
...##...>..###...##..# ##.##
.................#..# ...
#.###................ ≈≈≈.#
#...##........#. # ≈≈≈≈. ##..
##.##KYYK#.... ≈w≈≈. ##.
#####@KK..... ≈≈≈≈. #.
##YYK.... ≈≈≈.. ..


gK..... ..... .# KK..... .##.. o...... ##. ....... ## ...8... ....... You could
see Grum, 4 yaks, a kobold brigand, an orc and 7 kobolds.

Vanquished Creatures
  Harold (D:7)
  Maurice (D:8)
  Maggie (D:6)
  A meliai zombie (D:6)
  Sigmund (D:2)
  A yak (D:8)
  A steam dragon (D:7)
  A water moccasin (D:5)
  An orc warrior (D:6)
  A black bear (D:6)
  A sky beast (D:6)
  A necrophage (D:6)
  2 ogres (D:5)
  4 wolves
  3 centaurs
  3 elf zombies (Ossuary)
  A kobold brigand (D:8)
  A gnoll sergeant (D:8)
  3 bullfrogs
  A wyvern zombie (D:5)
  A wyvern skeleton (D:6)
  9 wights
  An electric eel (D:8)
  2 centaur zombies (Ossuary)
  2 hounds
  A centaur skeleton (D:6)
  2 orc priests
  A bullfrog skeleton (D:7)
  4 iguanas
  4 orc wizards
  A centaur simulacrum (D:8)
  A hound zombie (D:5)
  A hound skeleton (D:5)
  3 mummies
  8 gnolls
  7 adders
  A howler monkey skeleton (D:6)
  A white imp (D:8)
  An adder zombie (Ossuary)
  A worm (D:4)
  2 dart slugs
  19 orcs
  2 ball pythons
  5 bats
  10 endoplasms
  3 giant cockroaches
  4 goblins
  4 hobgoblins
  10 jackals
  9 kobolds
  2 quokkas
  3 frilled lizards
  2 goblin zombies
  10 hobgoblin zombies
  13 kobold zombies (Ossuary)
  7 orc zombies (Ossuary)
  8 rats
195 creatures vanquished.

Notes
Turn   | Place    | Note
-------+----------+-------------------------------------------
     0 | D:1      | duskshroud the Troll Monk began the quest for the Orb.
     0 | D:1      | Reached XP level 1. HP: 22/22 MP: 0/0
   164 | D:1      | Reached XP level 2. HP: 16/29 MP: 1/1
   180 | D:1      | Reached skill level 4 in Unarmed Combat
   190 | D:1      | Found a faded altar of an unknown god.
   238 | D:1      | Reached XP level 3. HP: 35/36 MP: 2/2
  1079 | D:2      | Reached XP level 4. HP: 44/44 MP: 3/3
  1092 | D:2      | Reached skill level 5 in Unarmed Combat
  1417 | D:2      | Noticed Sigmund
  1442 | D:2      | Killed Sigmund
  1443 | D:2      | Reached skill level 6 in Unarmed Combat
  1443 | D:2      | Reached XP level 5. HP: 38/50 MP: 4/4
  1612 | D:3      | Reached XP level 6. HP: 45/59 MP: 5/5
  1618 | D:3      | Reached skill level 7 in Unarmed Combat
  2382 | D:5      | Entered Level 5 of the Dungeon
  2646 | D:5      | Noticed a water moccasin
  2656 | D:5      | Reached skill level 8 in Unarmed Combat
  2663 | D:5      | Killed a water moccasin
  2664 | D:5      | Reached XP level 7. HP: 34/66 MP: 6/6
  2772 | D:5      | Found a staircase to the Ecumenical Temple.
  2831 | Temple   | Entered the Ecumenical Temple
  3175 | Temple   | Became a worshipper of Qazlal Stormbringer
  3175 | Temple   | Reached * piety under Qazlal
  3175 | Temple   | Reached ** piety under Qazlal
  3239 | D:5      | Reached skill level 9 in Unarmed Combat
  3355 | D:5      | Found a broken altar of Ashenzari.
  3361 | D:5      | Found a sparkling altar of Nemelex Xobeh.
  3411 | D:5      | Found a burning altar of Makhleb.
  3411 | D:5      | Noticed a balrug
  3752 | D:6      | Found a sand-covered staircase.
  3758 | Ossuary  | Entered an ossuary
  3792 | Ossuary  | Reached XP level 8. HP: 74/74 MP: 7/7
  3872 | Ossuary  | Reached skill level 10 in Unarmed Combat
  3890 | Ossuary  | Reached *** piety under Qazlal
  4152 | D:6      | Noticed Maggie
  4168 | D:6      | Reached skill level 11 in Unarmed Combat
  4168 | D:6      | Reached skill level 1 in Invocations
  4175 | D:6      | Killed Maggie
  4364 | D:6      | Reached XP level 9. HP: 80/84 MP: 8/10
  4936 | D:7      | Reached **** piety under Qazlal
  4943 | D:7      | Reached skill level 5 in Fighting
  4982 | D:7      | Reached skill level 5 in Invocations
  5008 | D:7      | Noticed Harold
  5038 | D:7      | Killed Harold
  5387 | D:8      | Noticed a polar bear
  5489 | D:8      | Reached XP level 10. HP: 86/98 MP: 13/13
  5517 | D:8      | Noticed Maurice
  5542 | D:8      | Killed Maurice
  5646 | D:8      | Found a hazy altar of Hepliaklqana.
  5673 | D:8      | Noticed Grum
  5689 | D:8      | HP: 2/100 [yak (5)]
  5689 | D:8      | Slain by Grum

Illustrated notes

Levels and vault maps discovered:
D:1:      tarquinn_simple_flora_water_f, layout_basic,
          hellmonk_ecumenical_altar_dog_temple, minivault_14,
          chequers_serial_rivers_small_b, due_unseen_surprise
D:2:      wad_lake_hut, layout_loops_ring, minivault_25, uniq_sigmund
D:3:      layout_loops_ring
D:4:      layout_basic, serial_shops, shop
D:5:      layout_loops_cross, makhleb_altar_promises_db,
          amethyst_overflow_temple_binary, minmay_temple_entry_trees,
          moated_statue
D:6:      layout_basic, nicolae_ossuary_entry_giza, minmay_manual_mares,
          uniq_maggie
D:7:      layout_loops_ring, uniq_harold
D:8:      layout_cave_pools, chequers_temple_overflow_statue_of_worship,
          mainiacjoe_overflow_tiny_flanked, kennysheep_slug_shrine, serial_ice,
          serial_ice_h, serial_ice_k, serial_ice_e, serial_ice_c,
          minmay_shop_mass, blue_anna_alchemist, uniq_grum, uniq_maurice,
          uniq_gastronok
Temple:   minmay_temple_forest_path

Skill      XL: |  1  2  3  4  5  6  7  8  9 |
---------------+----------------------------+-----
Unarmed Combat | 4 6 8 9 11 | 11.0
Invocations    | 3 6 |  6.9
Fighting       | 3 6 |  6.9
Dodging        | |  2.4
Stealth        | |  1.0

Action                   |  1- 3 |  4- 6 |  7- 9 | 10-12 || total
-------------------------+-------+-------+-------+-------++-------
Melee: Unarmed           |   101 |   101 |   279 |    57 ||   538
       Punch             |     1 |     3 |    17 |       ||    21
Throw: Dart              |       |       |    17 |       ||    17
       Throwing net      |       |       |       |     1 ||     1
Invok: Elemental Force   |       |       |     1 |       ||     1
       Upheaval          |       |       |       |     2 ||     2
  Use: Scroll            |       |       |     5 |       ||     5
 Stab: Sleeping          |     3 |     4 |     1 |       ||     8
       Held in net/web   |       |       |       |     1 ||     1
Armor: Robe              |    48 |    22 |    21 |       ||    91
       Steam dragon scal |       |       |    40 |    16 ||    56
Dodge: Dodged            |    63 |    42 |   118 |    39 ||   262
Block: Other             |       |       |    40 |    20 ||    60

Table legend: (Time is in decaauts)
 A = Elapsed time spent in this place.
 B = Non-inter-level travel time spent in this place.
 C = Inter-level travel time spent in this place.
 D = Time resting spent in this place.
 E = Time spent auto-exploring this place.
 F = Levels seen in this place.
 G = Mean time per level.
                   A        B        C        D        E       F      G
               +--------+--------+--------+--------+--------+-----+--------+
         Total |   5654 |   5408 |    246 |     78 |   3774 |  10 |  565.4 |
       Dungeon |   5062 |   4839 |    223 |     78 |   3443 |   8 |  632.8 |
        Temple |    368 |    345 |     23 |      0 |    329 |   1 |  368.0 |
       Ossuary |    223 |    223 |      0 |      0 |      2 |   1 |  223.0 |
               +--------+--------+--------+--------+--------+-----+--------+

Top non-repeatable levels by time:
     D:6: 899 daAuts
     D:5: 838 daAuts
     D:2: 817 daAuts
     D:1: 761 daAuts
     D:7: 654 daAuts
     D:3: 647 daAuts
  Temple: 368 daAuts
     D:8: 253 daAuts
 Ossuary: 223 daAuts
     D:4: 190 daAuts
